 Dungeon Crawl Stone Soup version 0.30.1-11-g7821555f0a (webtiles) character file.

Game seed: 12693187918825168970

11 Okkudo the Trooper (level 2, -1/27 HPs)
             Began as a Hill Orc Fighter on Nov 27, 2023.
             Slain by a gnoll
             ... wielding a +2 spear of freezing
              (6 damage)
             ... on level 1 of the Dungeon.
             The game lasted 00:01:13 (240 turns).

Okkudo the Trooper (Hill Orc Fighter)                Turns: 240, Time: 00:01:14

Health: -1/27      AC:  8    Str: 18    XL:     2   Next: 25%
Magic:  2/2        EV:  9    Int:  8    God:
Gold:   12         SH:  4    Dex: 10    Spells: 1/1 levels left

rFire   . . .        a - +0 war axe
rCold   . . .        c - +0 buckler
rNeg    . . .        b - +0 scale mail
rPois   .            (no helmet)
rElec   .            f - +0 cloak
rCorr   .            (no gloves)
SInv    .            (no boots)
Will    .....        (no amulet) Stlth
                     (no ring)
HPRegen 0.24/turn    (no ring)
MPRegen 0.08/turn

%: no passive effects
@: no status effects
A: no striking features
a: no special abilities


You were on level 1 of the Dungeon.
You visited 1 branch of the dungeon, and saw 1 of its levels.

You collected 12 gold pieces.

Inventory:

Hand Weapons
 a - a +0 war axe (weapon)
Armour
 b - a +0 scale mail (worn)
 c - a +0 buckler (worn)
 f - a +0 cloak (worn)
Scrolls
 e - a scroll of noise {unknown}
 g - a scroll of summoning {unknown}
Potions
 d - a potion of might
 h - a potion of cancellation {unknown}


   Skills:
 + Level 3.8 Fighting
 + Level 3.0 Axes
 + Level 3.5 Armour
 + Level 3.4 Shields


You had one spell level left.
You didn't know any spells.
Your spell library was empty.

Dungeon Overview and Level Annotations

Branches:
Dungeon (1/15)

Altars:

Shops:
D:1 ?


Message History

The gnoll hits you with a +2 spear of freezing.
The gnoll freezes you. The kobold hits you with a +0 club.
The gnoll hits you with a +2 spear of freezing.
The gnoll freezes you.
You closely miss the kobold. You hit the gnoll. You block the kobold's attack.
The gnoll barely misses you.
You barely miss the kobold. You hit the gnoll.
The kobold hits you with a +0 club. The gnoll hits you but does no damage.
The kobold hits you but does no damage.
The gnoll hits you with a +2 spear of freezing.
The gnoll freezes you.
You closely miss the kobold. You hit the gnoll but do no damage.
The kobold hits you but does no damage. The gnoll closely misses you.
You barely miss the kobold. You closely miss the gnoll.
The kobold hits you but does no damage.
The gnoll hits you with a +2 spear of freezing!
The gnoll freezes you.
* * * LOW HITPOINT WARNING * * *
You slash the kobold!
You kill the kobold!
You barely miss the gnoll. The bat hits you but does no damage.
The gnoll hits you with a +2 spear of freezing.
* * * LOW HITPOINT WARNING * * *
The gnoll freezes you.
* * * LOW HITPOINT WARNING * * *
The bat barely misses you. You block the gnoll's attack.
You block the gnoll's attack.
Things that are here:
a +0 club; a scroll labelled SOILAKU OSMO; a kobold corpse The bat barely misses you.
You block the bat's attack. The bat hits you.
* * * LOW HITPOINT WARNING * * *
The bat barely misses you.
You miss the bat. The bat hits you but does no damage. The bat hits you.
* * * LOW HITPOINT WARNING * * *
The bat barely misses you.
You closely miss the bat. The bat hits you but does no damage. x2
The gnoll hits you from afar with a +2 spear of freezing.
You die...

#.................
#####..#)......#
#..#..$....#####
#..#...)........
######..####.........
.......g......#.....
#.####.#####.#..###
#.####.....####
#..gb@........#
######..∩#.##..
#.......##.#
#.####### # #.# ###
#.### #.. #...#
#.##########.# #.#≈~
#~#~.'.#


You could see a gnoll and a bat.

Vanquished Creatures
  A dart slug (D:1)
  A ball python (D:1)
  3 hobgoblins (D:1)
  2 kobolds (D:1)
7 creatures vanquished.

Notes
Turn   | Place    | Note
-------+----------+-------------------------------------------
     0 | D:1      | Okkudo the Hill Orc Fighter began the quest for the Orb.
     0 | D:1      | Reached XP level 1. HP: 19/19 MP: 1/1
    89 | D:1      | Reached XP level 2. HP: 19/27 MP: 2/2
   190 | D:1      | Found Ythryig's Magic Scroll Boutique.
   240 | D:1      | Slain by a gnoll

Illustrated notes

Levels and vault maps discovered:
D:1:      ncdulo_wetmaze, layout_loops_ring, serial_shops, shop, minivault_14

Skill      XL: |  1  2 |
---------------+-------+-----
Axes           | 3 |  3.0
Fighting       | |  3.8
Armour         | |  3.5
Shields        | |  3.4

Action                     || total
---------------------------++-------
  Melee: War axe           ||    27
 Armour: Scale mail        ||    12
  Dodge: Dodged            ||    18
  Block: Buckler           ||     7
